 Dungeon Crawl Stone Soup version 0.29-a0-234-g0dae59b3db (webtiles) character file.

Game seed: 18004312910890564682

86240 sdfasdf239h the Severer (level 15, -25/126 HPs)
             Began as a Hill Orc Monk on Mar 3, 2022.
             Was the Champion of Hepliaklqana.
             Killed by the raging water
             ... invoked by a water nymph
              (27 damage)
             ... on level 3 of the Shoals.
             The game lasted 01:26:47 (25431 turns).

sdfasdf239h the Severer (Hill Orc Monk)            Turns: 25431, Time: 01:26:49

Health: -25/126    AC: 33    Str: 22    XL:     15   Next: 86%
Magic:  22/22      EV: 13    Int: 10    God:    Hepliaklqana [******]
Gold:   1544       SH: 17    Dex: 18    Spells: 20/20 levels left

rFire   . . .      SeeInvis .   N - +8 trident of the Octopus King {venom, rElec rPois}
rCold   x . .      Faith    .   R - +0 kite shield
rNeg    + . .      Spirit   .   Z - +4 chain mail {Will+}
rPois   +          Reflect  +   J - +2 helmet
rElec   +          Harm     .   E - +1 cloak "Omep" {rC- rN+ Slay+5}
rCorr   .          Rampage  .   T - +0 pair of gloves {hurl}
Will    ++...                   k - +0 pair of boots "Rakh" {rElec Dex+3}
Stlth   ..........              K - amulet of reflection
HPRegen 0.31/turn               F - ring of the Tortoise {AC+8}
MPRegen 0.18/turn               M - ring of flight

@: flying, hasted, very quick
A: reduced essence, thin skeletal structure 1, sense surroundings 1
a: Renounce Religion, Recall Ancestor, Ancestor Identity, Transference, Idealise


You were on level 3 of the Shoals.
You worshipped Hepliaklqana.
Hepliaklqana was exalted by your worship.
You visited 6 branches of the dungeon, and saw 25 of its levels.
You also visited: Ossuary, Ice Cave and Volcano.

You collected 2300 gold pieces.
You spent 756 gold pieces at shops.

Inventory:

Hand Weapons
 e - a +0 war axe of venom
 L - a +0 hand axe of electrocution
 N - the +8 trident of the Octopus King (weapon) {venom, rElec rPois}
   (You found it on level 1 of the Lair of Beasts)

   It poisons the flesh of those it strikes.
   rElec:     It insulates you from electricity.
   rPois:     It protects you from poison.
Missiles
 o - a throwing net (quivered)
Armour
 c - a +2 chain mail of fire resistance
 k - the +0 pair of boots "Rakh" (worn) {rElec Dex+3}
   (You bought it in a shop on level 2 of the Orcish Mines)

   Dex:       It affects your dexterity (+3).
   rElec:     It insulates you from electricity.
 E - the +1 cloak "Omep" (worn) {rC- rN+ Slay+5}
   (You found it on level 3 of the Dungeon)

   Slay:      It affects your accuracy & damage with ranged weapons and melee
   (+5).
   rC:        It makes you vulnerable to cold.
   rN:        It protects you from negative energy.
 J - a +2 helmet (worn)
 O - a +0 plate armour of cold resistance
 R - a +0 kite shield (worn)
 T - a +0 pair of gloves of hurling (worn)
 Z - a +4 chain mail of willpower (worn)
Jewellery
 s - a ring of willpower
 F - the ring of the Tortoise (left hand) {AC+8}
   (You found it on level 4 of the Dungeon)

   [ring of protection]

   AC:        It affects your AC (+8).
 K - an amulet of reflection (around neck)
 M - a ring of flight (right hand)
 X - a ring of positive energy
 Y - a ring of protection from cold
Wands
 d - a wand of digging (7)
 h - a wand of flame (12)
 z - a wand of paralysis (11)
 S - a wand of mindburst (9)
 W - a wand of iceblast (1)
Scrolls
 b - a scroll of magic mapping {unknown}
 f - 2 scrolls of fog
 i - 5 scrolls of immolation
 p - 2 scrolls of holy word {unknown}
 q - a scroll of enchant weapon {unknown}
 t - 4 scrolls of blinking {unknown}
 w - 4 scrolls of teleportation
 A - 6 scrolls of noise {unknown}
 C - 4 scrolls of silence {unknown}
 G - 7 scrolls of vulnerability {unknown}
 H - 8 scrolls of enchant armour {unknown}
 I - 5 scrolls of fear {unknown}
 Q - a scroll of amnesia {unknown}
Potions
 a - 4 potions of attraction
 g - 2 potions of magic
 l - 2 potions of curing
 n - 4 potions of mutation
 r - 3 potions of might
 u - 3 potions of cancellation
 v - 6 potions of haste
 x - a potion of invisibility
 B - 3 potions of lignification
 P - 4 potions of brilliance
 V - a potion of resistance
Miscellaneous
 j - a phantom mirror (inert)
 y - a phial of floods
 D - a box of beasts (inert)


   Skills:
 - Level 15.0 Fighting
 - Level 16.0(16.3) Axes
 + Level 4.4(9.9) Polearms
 - Level 12.0 Armour
 - Level 12.0 Dodging
 - Level 2.3 Stealth
 + Level 9.3 Shields
 - Level 3.0 Spellcasting
 - Level 10.0 Invocations
 - Level 5.0 Evocations


You had 20 spell levels left.
You didn't know any spells.
Your spell library contained the following spells:

 Spells                   Type           Power      Damage    Failure   Level
 Apportation              Tloc           2%         N/A       98%         1
 Foxfire                  Conj/Fire      4%         2x1d4     98%         1
 Pain                     Necr           4%         1d4       98%         1
 Sandblast                Erth           2%         2d4       98%         1
 Passwall                 Tmut/Erth      0%         N/A       99%         2
 Scorch                   Fire           2%         2d5       99%         2
 Conjure Flame            Conj/Fire      1%         6-21      100%        3
 Frozen Ramparts          Ice            2%         1d2       100%        3
 Gell's Gravitas          Tloc           1%         N/A       100%        3
 Inner Flame              Hex/Fire       1%         N/A       100%        3
 Lesser Beckoning         Tloc           1%         N/A       100%        3
 Stone Arrow              Conj/Erth      2%         3d7       100%        3
 Teleport Other           Tloc           1%         N/A       100%        3
 Cause Fear               Hex            0%         N/A       100%        4
 Flame Wave               Conj/Fire      1%         2d4       100%        4
 Ice Form                 Ice/Tmut       1%         N/A       100%        4
 Summon Ice Beast         Ice/Summ       1%         N/A       100%        4
 Agony                    Necr           1%         N/A       100%        5
 Alistair's Intoxication  Tmut/Pois      0%         N/A       100%        5
 Excruciating Wounds      Necr           0%         N/A       100%        5
 Metabolic Englaciation   Hex/Ice        0%         N/A       100%        5
 Summon Mana Viper        Hex/Summ       1%         N/A       100%        5
 Summon Cactus Giant      Summ           0%         N/A       100%        6
 Dragon Form              Tmut           0%         N/A       100%        7
 Monstrous Menagerie      Summ           0%         N/A       100%        7
 Ozocubu's Refrigeration  Ice            0%         4d5       100%        7
 Dragon's Call            Summ           0%         N/A       100%        9


Dungeon Overview and Level Annotations

Branches:
Dungeon (12/15)            Temple (1/1) D:5            Lair (6/6) D:11
 Shoals (3/4) Lair:2        Snake (1/4) Lair:2        Slime (0/5) Lair:6
    Orc (2/2) D:10            Elf (0/3) Orc:2       Ossuary (visited)
  IceCv (visited)         Volcano (visited)

Altars:
Ashenzari
Cheibriados
Dithmenos
Elyvilon
Fedhas
Gozag
Hepliaklqana
Kikubaaqudgha
Makhleb
Nemelex Xobeh
Okawaru
Qazlal
Ru
Sif Muna
Trog
Uskayaw
Vehumet
Wu Jian
Xom
Yredelemnul
Zin
The Shining One
Beogh
Jiyva

Shops:
D:5 *   D:9 *   Orc:2 [=!(

Annotations:
D:10 3 runed translucent doors, fragbeetle's ghost, novice DsFE


Innate Abilities, Weirdness & Mutations

Your life essence is reduced to manifest your ancestor. (-10% HP)
You have a somewhat thin skeletal structure. (Dex +2, Stealth+)
You passively map a small area around you.


Message History

* * * LOW HITPOINT WARNING * * *
You block the harpy's attack. The harpy claws you but does no damage.
The merfolk impaler closely misses you.
The harpy screeches!
You block the harpy's attack. x2; The water nymph touches you.
* * * LOW HITPOINT WARNING * * *
The water nymph drowns you!
* * * LOW HITPOINT WARNING * * *
Unknown command.
You feel much better.
The harpy screeches!
You block the harpy's attack. The harpy closely misses you.
The harpy claws you but does no damage. x2; You block the water nymph's attack.
The merfolk impaler hits you but does no damage.
Okay, then.
You feel yourself speed up. The harpy claws you but does no damage.
You block the harpy's attack.
The merfolk impaler hits you but does no damage.
The water nymph gestures at you while chanting.
The water rises up and strikes you!
* * * LOW HITPOINT WARNING * * *
You block the merfolk impaler's attack. You block the harpy's attack.
The harpy claws you.
* * * LOW HITPOINT WARNING * * *
You feel better.
The harpy screeches!
The harpy closely misses you. The harpy claws you but does no damage.
You block the water nymph's attack.
You feel better. The harpy completely misses you.
The harpy claws you but does no damage. You block the merfolk impaler's attack.
The water nymph touches you. The water nymph drowns you!
* * * LOW HITPOINT WARNING * * *
The harpy screeches!
The harpy claws you!
* * * LOW HITPOINT WARNING * * *
The harpy claws you but does no damage. The harpy misses you.
You block the harpy's attack.
The water nymph gestures at you while chanting.
The water rises up and strikes you!!
You die...

≈≈≈≈≈≈≈≈≈≈≈≈≈≈≈≈≈≈.....#
≈
≈≈≈≈≈≈≈≈≈≈≈≈≈≈≈≈≈≈.....#
, *
≈≈≈≈≈≈≈≈≈≈≈≈≈≈EES≈≈.....,
≈≈≈≈≈≈≈≈≈#####Em§#####..
,,
≈≈≈≈≈≈≈≈≈≈#≈≈≈##§##...# .
≈≈≈≈≈≈≈≈≈≈#≈≈≈§#§#§≈[.#,,
, ≈≈≈≈≈≈≈≈≈≈#≈≈≈§m§m§≈≈.#
, ,
≈≈≈≈≈≈≈≈≈≈##≈≈§H§§§≈≈## ,
* ≈≈≈≈≈≈≈≈≈≈.##≈§§@§§≈##
,, ≈≈≈≈≈≈≈≈≈≈≈≈#≈≈§§§§§#,
≈≈≈≈≈≈≈....##§≈§≈≈≈≈## ,
, , *
≈≈≈≈≈≈....##≈≈≈≈≈≈≈≈≈## ,
, *
≈≈≈≈≈≈..>.#.≈≈≈≈≈≈≈≈≈.#
≈≈≈≈≈.....#..≈≈#'#≈≈..#,
≈≈≈≈≈.....#...##.##≈≈≈#,
≈≈≈≈≈≈....#####...#####,,
, ,
≈≈≈≈≈≈............≈≈≈≈≈,


You could see a merfolk impaler, a water nymph and a harpy (corroded).

Vanquished Creatures
  A reaper (IceCv)
  Snorg (D:10)
  An ettin (Orc:1)
  A merfolk javelineer (Shoals:2)
  A merfolk impaler (Shoals:2)
  A fire dragon (Lair:6)
  Harold (D:7)
  2 catoblepae
  5 hydras
  The ghost of kd29 the Destroyer, a journeyman GrEE of Vehumet (Lair:1)
  3 two-headed ogres
  A hell knight (Volcano)
  A fire crab (Lair:6)
  2 sea snakes
  5 harpies
  4 orc sorcerers (Orc:2)
  6 fauns
  2 cyclopes (D:11)
  A slime creature (Lair:1)
  2 manticores
  3 merfolk sirens
  A salamander (Volcano)
  An ice statue (IceCv)
  4 black mambas
  3 cane toads
  A water nymph (Shoals:3)
  A torpor snail (Lair:5)
  Psyche (D:8)
  3 ice devils
  A komodo dragon (Lair:4)
  A rime drake (Lair:6)
  5 merfolk
  3 trolls
  6 polar bears (Lair:6)
  3 wind drakes
  A hornet (Lair:5)
  4 dream sheep
  8 blink frogs
  3 snapping turtles
  4 raiju (Lair:6)
  A shadow (D:9)
  2 wraiths
  2 wyverns
  A dire elephant simulacrum (IceCv)
  35 yaks
  A water elemental (Shoals:1)
  Grum (Lair:1)
  A steam dragon (Lair:6)
  2 death yak simulacra (IceCv)
  6 wargs
  2 acid dragons
  6 hell hounds (Lair:6)
  11 water moccasins
  16 orc warriors
  A swamp drake (Lair:6)
  6 black bears
  3 ogres
  24 wolves
  2 centaurs
  10 bullfrogs
  3 two-headed ogre simulacra (IceCv)
  3 cane toad simulacra (IceCv)
  An elephant simulacrum (IceCv)
  4 killer bees
  An electric eel (Lair:4)
  A jelly (Lair:1)
  19 orc priests
  An iguana (Lair:6)
  A yak simulacrum (Lair:5)
  13 orc wizards
  2 spriggan simulacra (IceCv)
  3 troll simulacra (IceCv)
  2 polar bear simulacra (IceCv)
  4 wolf simulacra
  2 hound zombies (Ossuary)
  2 mummies (Ossuary)
  4 gnolls
  2 adders
  6 naga simulacra (IceCv)
  6 white imps
  2 ufetubi
  An adder zombie (Ossuary)
  A worm (D:4)
  A dart slug (D:3)
  53 orcs
  5 endoplasms
  A giant cockroach (D:1)
  5 hobgoblins
  3 jackals (D:1)
  6 quokkas
  6 ball pythons
  4 bats
  13 frilled lizards
  2 gnoll zombies (Ossuary)
  8 goblins
  3 goblin zombies (Ossuary)
  7 hobgoblin zombies (Ossuary)
  A jackal zombie (Ossuary)
  11 kobolds
  4 kobold zombies (Ossuary)
  An orc zombie (Ossuary)
  A quokka zombie (Ossuary)
  11 rats
  2 rat zombies (Ossuary)
  3 river rat simulacra (Lair:5)
  A plant (Lair:6)
468 creatures vanquished.

Vanquished Creatures (collateral kills)
  A merfolk impaler (Shoals:1)
  A two-headed ogre (D:11)
  3 hydras
  3 merfolk avatars
  A catoblepas (Shoals:2)
  An orc high priest (Orc:2)
  A salamander mystic (Volcano)
  4 sea snakes
  A swamp dragon (Lair:6)
  A lindwurm (Lair:4)
  A necromancer (Lair:5)
  2 fauns (Shoals:1)
  4 harpies
  An orc sorcerer (Orc:2)
  3 salamanders (Volcano)
  2 manticores
  3 black mambas
  A merfolk siren (Shoals:3)
  2 torpor snails
  2 water nymphs (Shoals:3)
  A gargoyle (D:11)
  An ice statue (Lair:4)
  4 cane toads
  3 rime drakes
  3 komodo dragons
  A freezing wraith (IceCv)
  3 polar bears (Lair:6)
  A troll (Orc:2)
  A wind drake (Shoals:1)
  5 merfolk
  7 blink frogs
  A raiju (Lair:6)
  2 snapping turtles
  5 dream sheep
  A wraith (D:10)
  4 water elementals
  10 yaks
  Eustachio (D:5)
  2 basilisks
  A steam dragon (Lair:6)
  Menkaure (D:6)
  5 wargs
  An acid dragon (D:10)
  6 hell hounds (Lair:6)
  10 water moccasins
  6 orc warriors
  6 black bears (Lair:6)
  2 sky beasts
  5 ogres
  9 wolves
  2 elf zombies (Ossuary)
  7 bullfrogs
  A necrophage (D:8)
  A gnoll sergeant (Orc:2)
  4 two-headed ogre simulacra (IceCv)
  3 killer bees (D:9)
  An elephant simulacrum (IceCv)
  2 howler monkeys (D:8)
  A centaur zombie (Ossuary)
  2 human zombies (Ossuary)
  A hound (D:4)
  15 orc priests
  3 iguanas
  22 orc wizards
  A yak simulacrum (Lair:5)
  A spriggan simulacrum (IceCv)
  A troll simulacrum (IceCv)
  2 wolf simulacra (Lair:5)
  2 hound zombies (Ossuary)
  A mummy (Ossuary)
  2 gnolls
  3 adders
  A naga simulacrum (IceCv)
  A white imp (IceCv)
  3 ufetubi
  2 adder zombies (Ossuary)
  A worm (D:3)
  A dart slug (D:4)
  40 orcs
  An endoplasm (D:4)
  A goblin (D:4)
  2 hobgoblins
  A bat (D:3)
  A goblin zombie (Ossuary)
  An orc zombie (Ossuary)
  A river rat simulacrum (Lair:5)
281 creatures vanquished.

Vanquished Creatures (others)
  A jelly (Lair:1)
  An orc wizard (Orc:2)
  27 battlemagi
  33 fungi
  91 plants
153 creatures vanquished.

Grand Total: 902 creatures vanquished

Notes
Turn   | Place    | Note
-------+----------+-------------------------------------------
     0 | D:1      | sdfasdf239h the Hill Orc Monk began the quest for the Orb.
     0 | D:1      | Reached XP level 1. HP: 19/19 MP: 1/1
   157 | D:2      | Reached XP level 2. HP: 23/26 MP: 2/2
   164 | D:2      | Reached skill level 5 in Axes
   301 | D:1      | Reached XP level 3. HP: 7/31 MP: 3/3
  1021 | D:1      | Found a faded altar of an unknown god.
  1037 | D:1      | Reached skill level 6 in Axes
  1681 | D:3      | Found a hazy altar of Hepliaklqana.
  1686 | D:3      | Became a worshipper of Hepliaklqana the Forgotten
  1686 | D:3      | Reached * piety under Hepliaklqana
  1686 | D:3      | Reached ** piety under Hepliaklqana
  1687 | D:3      | Remembered your ancestor Izel as a battlemage
  1732 | D:2      | Reached XP level 4. HP: 35/35 MP: 4/4
  1968 | D:3      | Reached skill level 7 in Axes
  1974 | D:3      | Reached XP level 5. HP: 32/40 MP: 5/5
  2182 | D:3      | Reached skill level 8 in Axes
  2485 | D:3      | Identified the +1 cloak "Omep" {rC- rN+ Slay+5}
  2710 | D:4      | Found the ring of the Tortoise {AC+8}
  2798 | D:4      | Reached XP level 6. HP: 39/45 MP: 6/6
  2859 | D:4      | Reached skill level 9 in Axes
  3125 | D:4      | Found a radiant altar of Vehumet.
  3298 | D:4      | Found a blossoming altar of Fedhas.
  3361 | D:4      | Noticed a sky beast
  3368 | D:4      | Killed a sky beast
  3369 | D:4      | Reached skill level 10 in Axes
  3369 | D:4      | Reached XP level 7. HP: 51/51 MP: 7/7
  3512 | D:5      | Entered Level 5 of the Dungeon
  3516 | D:5      | Found a staircase to the Ecumenical Temple.
  3525 | Temple   | Entered the Ecumenical Temple
  3832 | D:5      | Reached *** piety under Hepliaklqana
  3907 | D:5      | Reached skill level 11 in Axes
  3991 | D:5      | Found a hide-covered altar of Uskayaw.
  4167 | D:5      | Found Ezxec's Assorted Antiques.
  4182 | D:5      | Bought a scroll labelled OCEULE FENATO for 19 gold pieces
  4182 | D:5      | Bought a golden potion for 17 gold pieces
  4182 | D:5      | Bought an inky potion for 17 gold pieces
  4182 | D:5      | Bought a scroll labelled FUTUER IMA for 19 gold pieces
  4182 | D:5      | Bought an emerald ring for 95 gold pieces
  4182 | D:5      | Bought a grey potion for 17 gold pieces
  4190 | D:5      | Noticed Eustachio
  4200 | D:5      | Killed Eustachio
  4201 | D:5      | Reached skill level 12 in Axes
  4201 | D:5      | Reached XP level 8. HP: 45/57 MP: 8/8
  4435 | D:7      | Reached skill level 1 in Armour
  4552 | D:6      | Noticed Menkaure
  4563 | D:6      | Killed Menkaure
  5220 | D:6      | Reached skill level 5 in Fighting
  5681 | D:7      | Reached XP level 9. HP: 66/66 MP: 9/9
  5761 | D:7      | Reached **** piety under Hepliaklqana
  5761 | D:7      | Noticed Harold
  5770 | D:7      | Killed Harold
  5771 | D:7      | Reached skill level 13 in Axes
  5936 | D:8      | Found a sand-covered staircase.
  5940 | Ossuary  | Entered an ossuary
  6186 | Ossuary  | Reached skill level 5 in Armour
  6550 | D:8      | Noticed Psyche
  6562 | D:8      | Killed Psyche
  6682 | D:8      | Reached skill level 5 in Dodging
  6705 | D:8      | Reached XP level 10. HP: 69/76 MP: 10/10
  6943 | D:8      | Reached skill level 14 in Axes
  7234 | D:9      | Reached skill level 10 in Fighting
  7476 | D:10     | Entered Level 10 of the Dungeon
  7593 | D:9      | Noticed a two-headed ogre
  7604 | D:9      | Killed a two-headed ogre
  7619 | D:9      | Found Meuph's General Store.
  7627 | D:9      | Bought a scroll of teleportation for 39 gold pieces
  7627 | D:9      | Bought a scroll of summoning for 123 gold pieces
  8044 | D:9      | Found a glowing silver altar of Zin.
  8074 | D:10     | Reached XP level 11. HP: 90/90 MP: 13/13
  8092 | D:10     | Noticed Snorg
  8110 | D:10     | Killed Snorg
  8425 | D:10     | Reached skill level 5 in Invocations
  8428 | D:10     | Found a burning altar of Makhleb.
  8553 | D:10     | Found a staircase to the Orcish Mines.
  8569 | D:10     | Found a runed translucent gate.
  8569 | D:10     | Found a runed translucent gate.
  8570 | D:10     | Noticed fragbeetle's ghost (novice DsFE)
  8571 | D:10     | Found a runed translucent gate.
  8571 | D:10     | Noticed a two-headed ogre
  8588 | D:10     | Killed a two-headed ogre
  8970 | D:10     | Found a runed translucent door.
  9035 | D:10     | Found a roughly hewn altar of Beogh.
  9217 | D:11     | Noticed a two-headed ogre
  9235 | D:11     | Killed a two-headed ogre
  9276 | D:11     | Reached ***** piety under Hepliaklqana
  9288 | D:11     | Noticed a cyclops
  9296 | D:11     | Killed a cyclops
  9577 | D:11     | Noticed a two-headed ogre
  9617 | D:11     | Killed a two-headed ogre
  9635 | D:11     | Reached XP level 12. HP: 72/99 MP: 13/17
  9838 | D:11     | Found a staircase to the Lair.
 10014 | Lair:1   | Entered Level 1 of the Lair of Beasts
 10130 | Lair:1   | Found the +8 trident of the Octopus King {venom, rElec
                  | rPois}
 10228 | Lair:1   | Noticed a four-headed hydra
 10236 | Lair:1   | Killed a four-headed hydra
 10281 | Lair:1   | Found a runed translucent gate.
 10281 | Lair:1   | Found a runed translucent gate.
 10281 | Lair:1   | Found a runed translucent gate.
 10282 | Lair:1   | Found a viscous altar of Jiyva.
 10282 | Lair:1   | Noticed kd29's ghost (journeyman GrEE)
 10707 | Lair:1   | Noticed Grum
 10710 | Lair:1   | Reached skill level 15 in Axes
 10716 | Lair:1   | Killed Grum
 10984 | Lair:1   | Reached skill level 1 in Spellcasting
 11277 | Lair:1   | Killed kd29's ghost
 11321 | Lair:1   | Identified the +6 halberd "Fyaser" {freeze, Fragile rF+
                  | Str+9}
 11564 | Lair:2   | Noticed a four-headed hydra
 11575 | Lair:2   | Killed a four-headed hydra
 12036 | Lair:2   | Noticed a seven-headed hydra
 12043 | Lair:2   | Killed a seven-headed hydra
 12044 | Lair:2   | Reached XP level 13. HP: 104/106 MP: 18/20
 12147 | Lair:2   | Found a staircase to the Shoals.
 12161 | Shoals:1 | Entered Level 1 of the Shoals
 12301 | Lair:2   | Found a staircase to the Snake Pit.
 12306 | Lair:2   | Reached ****** piety under Hepliaklqana
 12310 | Snake:1  | Entered Level 1 of the Snake Pit
 12659 | Lair:3   | Reached skill level 10 in Armour
 13010 | Lair:3   | Reached skill level 10 in Invocations
 13016 | Lair:3   | Reached skill level 16 in Axes
 13724 | Lair:3   | Reached skill level 1 in Evocations
 14194 | Orc:1    | Entered Level 1 of the Orcish Mines
 14389 | Orc:2    | Entered Level 2 of the Orcish Mines
 14389 | Orc:2    | Found a roughly hewn altar of Beogh.
 14608 | Orc:1    | Noticed an ettin
 14614 | Orc:2    | Found a staircase to the Elven Halls.
 14741 | Orc:2    | Found Genoerr's Jewellery Shop.
 14741 | Orc:2    | Found Irrus's Weapon Boutique.
 14748 | Orc:2    | Found Beudent's Distillery.
 14750 | Orc:2    | Found Fuets's Armour Shop.
 14760 | Orc:2    | Bought a potion of degeneration for 14 gold pieces
 14764 | Orc:2    | Bought the +0 pair of boots "Rakh" {rElec Dex+3} for 396
                  | gold pieces
 14786 | Orc:2    | Paralysed by an orc sorcerer for 3 turns
 15447 | Orc:1    | Killed an ettin
 15455 | Orc:1    | Reached skill level 1 in Shields
 16416 | Lair:5   | Reached XP level 14. HP: 104/114 MP: 21/21
 16458 | Lair:5   | Reached skill level 10 in Dodging
 16517 | Lair:5   | Found a frozen archway.
 16556 | IceCv    | Entered an ice cave
 16906 | IceCv    | Noticed a reaper
 16926 | IceCv    | Killed a reaper
 16970 | IceCv    | Got Qoxaul's Collected Works on Ice
 17052 | Lair:5   | Found a dark tunnel.
 17064 | Volcano  | Entered a volcano
 17285 | Volcano  | Reached skill level 5 in Evocations
 18451 | Lair:4   | Found the brooch of Shielding {Spirit SH+8}
 18729 | Lair:6   | Entered Level 6 of the Lair of Beasts
 18865 | Lair:6   | Found a viscous altar of Jiyva.
 18865 | Lair:6   | Found a staircase to the Slime Pits.
 19011 | Lair:5   | Reached skill level 5 in Shields
 20969 | Lair:6   | Reached XP level 15. HP: 123/124 MP: 22/22
 20969 | Lair:6   | Identified the +4 rapier of Equivalence {drain, SInv}
 23400 | Shoals:1 | Reached skill level 15 in Fighting
 23407 | Shoals:1 | Reached skill level 1 in Polearms
 23744 | Shoals:1 | Gained mutation: You are frail. (-10% HP) [potion of
                  | mutation]
 23744 | Shoals:1 | Gained mutation: Armour fits poorly on your strangely
                  | shaped body. [potion of mutation]
 23744 | Shoals:1 | Gained mutation: You are resistant to electric shocks.
                  | (rElec) [potion of mutation]
 23745 | Shoals:1 | Lost mutation: You are resistant to electric shocks.
                  | (rElec) [potion of mutation]
 23745 | Shoals:1 | Lost mutation: Armour fits poorly on your strangely shaped
                  | body. [potion of mutation]
 23745 | Shoals:1 | Lost mutation: You are frail. (-10% HP) [potion of
                  | mutation]
 23745 | Shoals:1 | Gained mutation: You are somewhat resistant to further
                  | mutation. [potion of mutation]
 23790 | Shoals:1 | Lost mutation: You are somewhat resistant to further
                  | mutation. [potion of mutation]
 23790 | Shoals:1 | Gained mutation: You passively map a small area around you.
                  | [potion of mutation]
 23790 | Shoals:1 | Gained mutation: You have a somewhat thin skeletal
                  | structure. (Dex +2, Stealth+) [potion of mutation]
 25428 | Shoals:3 | HP: 6/126 [harpy (5)]
 25431 | Shoals:3 | HP: 2/126 [harpy (12)]
 25431 | Shoals:3 | Killed from afar by a water nymph

Illustrated notes

Levels and vault maps discovered:
D:1:      amcnicky_arrival_flooded_fountain, layout_loops_cross,
          chequers_ecumenical_altar_twisty, kennysheep_small_spiral,
          minmay_misc_feat_doors
D:2:      layout_basic, minmay_lizard_pond
D:3:      layout_basic, lemuel_crystal_altar, nicolae_underground_beach
D:4:      layout_basic, mainiacjoe_overflow_alcove_4, fedhas_altar_2,
          serial_glass, glass_columns_a, glass_columns_a
D:5:      layout_rooms, eat_drink_and_be_merry_uskayaw,
          minmay_temple_entry_mist, serial_shops, shop, serial_glass,
          glass_columns_b, glass_columns_c, glass_columns_a, uniq_eustachio
D:6:      layout_cave_pods, uniq_menkaure
D:7:      layout_loops_cross, kennysheep_generic_room_2,
          uniq_crazy_yiuf_cottage, uniq_harold
D:8:      layout_basic, enter_ossuary_5, amcnicky_mini_pool_medium, uniq_psyche
D:9:      layout_cave_pods, zin_treasury, serial_shops, shop
D:10:     layout_cave_pools, lemuel_tele_altar, minmay_orc_entry_guard_dogs,
          gammafunk_ghost_nasty_kobolds, lightli_church_of_beogh, uniq_snorg
D:11:     layout_rooms, erik_lair_orcish_takeover
D:12:     layout_roguey, minmay_tree_intersection, drop_trap,
          kennysheep_generic_room_12
Temple:   eino_temple_scatter_basement
Lair:1:   layout_small_grid, gammafunk_ghost_ooze, uniq_grum
Lair:2:   layout_chaotic_city, elwin_shoals_entry_stream,
          minmay_snake_entry_six_corridors
Lair:3:   layout_layer_cave, nicolae_lair_lil_pond
Lair:4:   statuecave_lemuel, layout_cave_shapes
Lair:5:   layout_hall_layers, nicolae_volcano_entry_lava_flow,
          portal_ice_cave_demonic_guard, eino_house_with_fridge,
          infiniplex_staircase_pool_2, grunt_megastairs_2
Lair:6:   guppyfry_lair_end_dragon, layout_regular_city,
          hangedman_lair_caniforms_friends, slime_altar_1, minivault_19,
          lemuel_fruit_fields
Shoals:1: layout_shoals, nicolae_shoals_nautilus_by_nature
Shoals:2: layout_shoals
Shoals:3: nzn_motion_control, layout_shoals, nicolae_shoals_water_shrine,
          uniq_bai_suzhen
Snake:1:  layout_chambers, serial_shops,
          nicolae_shop_competitors_out_of_business, serial_bayou_pond_d
Orc:1:    layout_caves
Orc:2:    st_orc_mages, layout_diamond_mine, basic_altar

Skill      XL: |  1  2  3  4  5  6  7  8  9 10 11 12 13 14 15 |
---------------+----------------------------------------------+-----
Axes           | 5 6 7 8 10 12 13 14 15 16 | 16.0
Fighting       | 5 7 10 11 12 14 15 | 15.0
Armour         | 3 5 6 8 9 10 12 | 12.0
Dodging        | 3 5 6 7 8 9 10 12 | 12.0
Invocations    | 3 7 9 10 | 10.0
Spellcasting   | 2 3 |  3.0
Evocations     | 4 5 |  5.0
Shields        | 2 6 9 |  9.3
Stealth        | 2 |  2.3
Polearms       | 4 |  4.4

Action                   |  1- 3 |  4- 6 |  7- 9 | 10-12 | 13-15 || total
-------------------------+-------+-------+-------+-------+-------++-------
Melee: Hand axe          |   112 |    68 |   206 |   307 |       ||   693
       Dagger            |     3 |       |       |       |       ||     3
       Punch             |     1 |       |     5 |     3 |    17 ||    26
       Trident           |       |       |       |   107 |   995 ||  1102
Throw: Dart              |       |     6 |     5 |     3 |       ||    14
       Stone             |       |     2 |     1 |       |       ||     3
       Javelin           |       |       |       |     2 |       ||     2
       Throwing net      |       |       |       |     1 |       ||     1
Invok: Ancestor Life: Ba |     1 |       |       |       |       ||     1
       Ancestor Identity |     1 |       |       |       |       ||     1
       Recall Ancestor   |       |       |       |     1 |     2 ||     3
       Idealise          |       |       |       |     1 |       ||     1
Evoke: Wand              |       |       |       |     5 |     6 ||    11
       Phial of floods   |       |       |       |       |     1 ||     1
       Box of beasts     |       |       |       |       |     1 ||     1
       Phantom mirror    |       |       |       |       |     1 ||     1
  Use: Potion            |       |       |     1 |     6 |    15 ||    22
       Scroll            |       |       |       |    13 |    10 ||    23
 Stab: Sleeping          |       |     3 |       |       |     6 ||     9
       Distracted        |       |       |     1 |     3 |    11 ||    15
       Held in net/web   |       |       |       |     1 |       ||     1
Armor: Robe              |     4 |       |       |       |       ||     4
       Scale mail        |    43 |    10 |       |       |       ||    53
       Ring mail         |       |    16 |    68 |    25 |       ||   109
       Acid dragon scale |       |       |       |   145 |   286 ||   431
       Plate armour      |       |       |       |       |    52 ||    52
       Chain mail        |       |       |       |       |   137 ||   137
       Skin              |       |       |       |       |     3 ||     3
Dodge: Dodged            |    57 |    37 |    71 |   300 |   619 ||  1084
Block: Other             |       |       |       |       |    89 ||    89
       Kite shield       |       |       |       |       |   113 ||   113
       Reflection        |       |       |       |       |     6 ||     6

Table legend: (Time is in decaauts)
 A = Elapsed time spent in this place.
 B = Non-inter-level travel time spent in this place.
 C = Inter-level travel time spent in this place.
 D = Time resting spent in this place.
 E = Time spent auto-exploring this place.
 F = Levels seen in this place.
 G = Mean time per level.
                   A        B        C        D        E       F      G
               +--------+--------+--------+--------+--------+-----+--------+
         Total |  25197 |  23769 |   1428 |   2037 |  13967 |  28 |  899.9 |
       Dungeon |   9486 |   8930 |    556 |    114 |   6913 |  12 |  790.5 |
        Temple |    180 |    166 |     14 |      0 |    151 |   1 |  180.0 |
          Lair |   9379 |   8691 |    688 |   1061 |   4784 |   6 | 1563.2 |
        Shoals |   3048 |   2993 |     55 |    657 |    593 |   3 | 1016.0 |
     Snake Pit |     21 |     21 |      0 |      0 |      0 |   1 |   21.0 |
  Orcish Mines |   1700 |   1586 |    114 |     59 |   1059 |   2 |  850.0 |
       Ossuary |    263 |    263 |      0 |      0 |    107 |   1 |  263.0 |
      Ice Cave |    424 |    424 |      0 |      0 |      0 |   1 |  424.0 |
       Volcano |    692 |    692 |      0 |    146 |    360 |   1 |  692.0 |
               +--------+--------+--------+--------+--------+-----+--------+

Top non-repeatable levels by time:
  Lair:6: 2736 daAuts
Shoals:1: 1641 daAuts
  Lair:3: 1498 daAuts
  Lair:2: 1466 daAuts
  Lair:1: 1369 daAuts
     D:6: 1251 daAuts
  Lair:5: 1250 daAuts
     D:1: 1224 daAuts
  Lair:4: 1058 daAuts
     D:9: 1055 daAuts
   Orc:2: 1005 daAuts
    D:10: 963 daAuts
Shoals:2: 918 daAuts
     D:8: 847 daAuts
     D:3: 814 daAuts
